 Dungeon Crawl Stone Soup version 0.30-a0-672-gc3a7216ad8 (webtiles) character file.

Game seed: 14203229035184341199

51923 bmack86 the Severer (level 14, -1/127 HPs)
             Began as a Minotaur Fighter on Jan 18, 2023.
             Was an Elder of Okawaru.
             Slain by a troll (3 damage)
             ... while petrified by a catoblepas
             ... on level 12 of the Dungeon.
             The game lasted 00:54:20 (15707 turns).

bmack86 the Severer (Minotaur Fighter)             Turns: 15707, Time: 00:54:21

Health: -1/127     AC: 38    Str: 26    XL:     14   Next: 25%
Magic:  28/28      EV:  2    Int: 10    God:    Okawaru [****..]
Gold:   1372       SH:  0    Dex: 10    Spells: 13/13 levels left

rFire   + . .      SeeInvis .    a - +0 war axe
rCold   + . .      Faith    .    e - +0 kite shield {reflect}
rNeg    + + +      Spirit   .    C - +15 plate armour of Supple Strength {MP+9 Int+3 Slay-4}
rPois   ∞          Reflect  +    S - +3 hat of Spring Thaw {Int+2}
rElec   .          Harm     .    U - +0 cloak of Atheism {Fly}
rCorr   +          Rampage  .    u - +2 pair of gloves
Will    ++...                    (no boots) Stlth
                                 i - amulet "Erinieto" {rC+ Regen+ rCorr}
HPRegen 1.21/turn                l - ring of willpower
MPRegen 0.21/turn                K - ring of protection from fire

@: petrified, flying
A: horns 2, retaliatory headbutt
a: Renounce Religion, Heroism, Finesse


You were on level 12 of the Dungeon.
You worshipped Okawaru.
Okawaru was greatly pleased with you.
You visited 3 branches of the dungeon, and saw 18 of its levels.
You also visited: Bailey and Gauntlet.

You collected 1917 gold pieces.
You spent 545 gold pieces at shops.

Inventory:

Hand Weapons
 a - a +0 war axe (weapon)
 q - a +0 war axe
 z - a +2 battleaxe of protection
Missiles
 h - 28 poisoned darts
 x - 5 javelins
 y - 17 boomerangs (quivered)
 L - 5 silver javelins
Armour
 b - a +1 cloak of stealth
 e - a +0 kite shield of reflection (worn)
 u - a +2 pair of gloves (worn)
 C - the +15 plate armour of Supple Strength (worn) {MP+9 Int+3 Slay-4}
   (Okawaru gifted it to you on level 1 of the Lair of Beasts)

   Int:       It affects your intelligence (+3).
   Slay:      It affects your accuracy & damage with ranged weapons and melee
   (-4).
   MP:        It affects your magic capacity (+9).
 S - the +3 hat of Spring Thaw (worn) {Int+2}
   (You found it in a Gauntlet)

   Int:       It affects your intelligence (+2).
 U - the +0 cloak of Atheism (worn) {Fly}
   (You acquired it on level 9 of the Dungeon)

   Fly:       It grants you flight.
 W - a +0 pair of gloves of infusion
Jewellery
 c - a +4 ring of protection
 i - the amulet "Erinieto" (around neck) {rC+ Regen+ rCorr}
   (You bought it in a shop on level 8 of the Dungeon)

   [amulet of regeneration]

   rC:        It protects you from cold.
   Regen:     It increases your rate of health regeneration.
   rCorr:     It protects you from acid and corrosion.
 l - a ring of willpower (left hand)
 w - a +6 ring of intelligence
 A - a ring of protection from fire
 B - a ring of resist corrosion
 G - an amulet of regeneration
 H - a ring of fire
 K - a ring of protection from fire (right hand)
 M - the amulet of the Four Friends {Regen+ Dex+2 SInv}
   (You took it off a minotaur in a Gauntlet)

   [amulet of regeneration]

   Dex:       It affects your dexterity (+2).
   SInv:      It lets you see invisible.
   Regen:     It increases your rate of health regeneration.
 N - a ring of poison resistance
 O - a +6 ring of strength
 P - a ring of ice
 Q - an amulet of reflection
 R - a ring of positive energy
Wands
 s - a wand of polymorph (17)
 t - a wand of flame (43)
Scrolls
 f - 3 scrolls of teleportation
 g - 3 scrolls of fear
 j - a scroll of amnesia
 p - 2 scrolls of blinking
 D - 2 scrolls of silence
 E - 2 scrolls of fog
 T - 2 scrolls of summoning
 V - a scroll of identify
Potions
 d - 3 potions of might
 k - 7 potions of curing
 m - a potion of heal wounds
 n - 8 potions of brilliance
 o - a potion of ambrosia
 r - 2 potions of cancellation
 v - 3 potions of magic
 F - 2 potions of berserk rage
 I - a potion of invisibility
 J - 3 potions of haste
 X - a potion of flight {unknown}


   Skills:
 + Level 12.8 Fighting
 * Level 16.2 Axes
 + Level 9.1 Throwing
 + Level 12.1 Armour
 + Level 12.3 Shields
 + Level 8.3 Invocations


You had 13 spell levels left.
You didn't know any spells.
Your spell library contained the following spells:

 Spells                   Type           Power      Damage    Failure   Level
 Shock                    Conj/Air       0%         1d3       99%         1
 Blink                    Tloc           0%         N/A       100%        2
 Ensorcelled Hibernation  Hex/Ice        0%         N/A       100%        2
 Lesser Beckoning         Tloc           0%         N/A       100%        2
 Momentum Strike          Conj/Tloc      0%         3d8       100%        2
 Passwall                 Tmut/Erth      0%         N/A       100%        2
 Frozen Ramparts          Ice            0%         1d1       100%        3
 Hailstorm                Conj/Ice       0%         3d3       100%        3
 Portal Projectile        Hex/Tloc       0%         N/A       100%        3
 Stone Arrow              Conj/Erth      0%         3d7       100%        3
 Swiftness                Air            0%         N/A       100%        3
 Airstrike                Air            0%         2d(0-16)  100%        4
 Fulminant Prism          Conj/Hex       0%         3d5       100%        4
 Ice Form                 Ice/Tmut       0%         N/A       100%        4
 Leda's Liquefaction      Hex/Erth       0%         N/A       100%        4
 Petrify                  Tmut/Erth      0%         N/A       100%        4
 Freezing Cloud           Conj/Ice/Air   0%         6-21      100%        5
 Iskenderun's Battlesphe  Conj           0%         2d6       100%        5
 Metabolic Englaciation   Hex/Ice        0%         N/A       100%        5
 Silence                  Hex/Air        0%         N/A       100%        5
 Yara's Violent Unravell  Hex/Tmut       0%         3d3       100%        5
 Iron Shot                Conj/Erth      0%         9d1       100%        6
 Statue Form              Tmut/Erth      0%         N/A       100%        6
 Enfeeble                 Hex            0%         N/A       100%        7
 Lehudib's Crystal Spear  Conj/Erth      0%         10d2      100%        8
 Call Canine Familiar     Summ           Unusable   N/A       N/A         3
 Animate Armour           Summ/Erth      Unusable   N/A       N/A         4
 Simulacrum               Ice/Necr       Unusable   N/A       N/A         6
 Spellforged Servitor     Conj/Summ      Unusable   N/A       N/A         7

Dungeon Overview and Level Annotations

Branches:
Dungeon (12/15)            Temple (1/1) D:5            Lair (5/5) D:9
  Swamp (0/4) Lair:3        Snake (0/4) Lair:2        Slime (0/5) Lair:4
    Orc (0/2) D:11         Bailey (visited)         Gauntlet (visited)

Altars:
Ashenzari
Cheibriados
Dithmenos
Elyvilon
Fedhas
Gozag
Hepliaklqana
Kikubaaqudgha
Makhleb
Nemelex Xobeh
Okawaru
Qazlal
Ru
Sif Muna
Trog
Vehumet
Wu Jian
Yredelemnul
Zin
Jiyva

Shops:
D:8 =

Portals:
Trove: D:10 (give 9 potions of haste)


Innate Abilities, Weirdness & Mutations

You have a pair of horns on your head.
You reflexively headbutt those who attack you in melee.


Message History

The boulder beetle bites you but does no damage.
You slash the boulder beetle!
The boulder beetle is severely wounded.
You hit the catoblepas but do no damage.
The catoblepas gores you!
* * * LOW HITPOINT WARNING * * *
A troll comes into view.
You block the boulder beetle's attack.
The troll shouts!
You hit the boulder beetle but do no damage.
You headbutt the boulder beetle, but do no damage.
The boulder beetle is severely wounded.
You hit the catoblepas but do no damage.
The catoblepas breathes a plume of calcifying dust at you.
The blast of calcifying dust hits you but does no damage.
The boulder beetle bites you but does no damage.
You barely miss the boulder beetle.
You headbutt the boulder beetle, but do no damage.
The boulder beetle is severely wounded.
You hit the catoblepas.
You are engulfed in calcifying dust.
You are slowing down.
The catoblepas gores you!!
* * * LOW HITPOINT WARNING * * *
The boulder beetle completely misses you.
The catoblepas attacks as you move away!
You block the catoblepas's attack.
The boulder beetle bites you but does no damage.
Your limbs are stiffening.
The catoblepas completely misses you.
You block the boulder beetle's attack. x2
The catoblepas completely misses you. You furiously retaliate!
You headbutt the catoblepas!
You have turned to stone.
The catoblepas gores you but does no damage.
The troll bites you but does no damage.
The troll claws you but does no damage. x2
The boulder beetle bites you but does no damage.
The catoblepas gores you!
* * * LOW HITPOINT WARNING * * *
The troll bites you.
* * * LOW HITPOINT WARNING * * *
The troll claws you.
You die...

.....#.# #.#.#.#
.....# #.#.###
#....!#
######.....#######
.......(§.........
#####....Y.##.###.
.......@B.##..##.
........T.........
..#.#....######...
# #.......
#...##... #...
#.... ..... ......
##.# ..#.... #.
........


You could see a catoblepas, a boulder beetle and a troll.

Vanquished Creatures
  A minotaur (Gauntlet)
  A fire dragon (D:12)
  A green death (Gauntlet)
  Fannar (Lair:2)
  The ghost of themarg the Martial Artist, a journeyman GnTm of Nemelex Xobeh (D:9)
  2 hydras
  An ogre mage (D:12)
  2 boulder beetles
  A centaur warrior (D:9)
  The ghost of wormed the Spear-Bearer, a journeyman GrFi of Trog (D:10)
  A two-headed ogre (D:9)
  12 death yaks
  A deep troll (D:9)
  An ugly thing (D:12)
  An orc knight (Bailey)
  2 manticores
  A moth of wrath (D:9)
  3 black mambas
  Maurice (D:8)
  A centaur zombie (D:10)
  2 orange demons (Gauntlet)
  An ice statue (Gauntlet)
  4 cane toads
  An unseen horror (D:10)
  A gargoyle (D:12)
  3 komodo dragons
  3 rime drakes
  A freezing wraith (D:9)
  3 kobold demonologists (D:10)
  A tengu conjurer (D:9)
  A polar bear (Lair:5)
  4 trolls
  Grinder (D:3)
  4 blink frogs (Lair:4)
  Prince Ribbit (D:6)
  Sigmund (D:6)
  A vampire (D:11)
  6 wyverns
  A ynoxinul (Gauntlet)
  2 basilisks
  30 yaks
  Grum (Lair:1)
  3 steam dragons
  Menkaure (D:5)
  2 acid dragons
  10 water moccasins
  3 nagas (Lair:2)
  Duvessa (D:6)
  7 orc warriors
  2 ice beasts
  3 black bears
  2 sky beasts
  An ogre (D:5)
  14 wolves
  8 centaurs
  A phantom (D:5)
  6 kobold brigands
  16 bullfrogs
  A gnoll sergeant (D:9)
  A scorpion (D:5)
  3 necrophages
  17 wights
  Dowan (D:6)
  12 killer bees
  5 howler monkeys
  An electric eel (D:6)
  A gnoll bouda (D:9)
  6 jellies
  4 orc priests
  Crazy Yiuf (D:2)
  5 hounds
  3 iron imps (Gauntlet)
  8 iguanas
  9 orc wizards
  Robin (D:2)
  A howler monkey zombie (D:10)
  8 adders
  18 gnolls
  A shadow imp (D:7)
  A worm (D:4)
  63 orcs
  5 bats
  10 endoplasms
  3 giant cockroaches
  10 goblins
  10 hobgoblins
  6 jackals
  15 kobolds
  A quokka (D:1)
  3 ball pythons
  4 frilled lizards
  4 rats
431 creatures vanquished.

Vanquished Creatures (others)
  A goblin (D:2)
  21 fungi
  28 plants
  6 withered plants (Lair:1)
56 creatures vanquished.

Grand Total: 487 creatures vanquished

Notes
Turn   | Place    | Note
-------+----------+-------------------------------------------
     0 | D:1      | bmack86 the Minotaur Fighter began the quest for the Orb.
     0 | D:1      | Reached XP level 1. HP: 19/19 MP: 0/0
    61 | D:1      | Reached XP level 2. HP: 27/27 MP: 1/1
   105 | D:1      | Reached skill level 3 in Axes
   688 | D:1      | Reached XP level 3. HP: 33/33 MP: 2/2
  1276 | D:2      | Noticed Robin
  1284 | D:2      | Killed Robin
  1285 | D:2      | Reached XP level 4. HP: 40/40 MP: 3/3
  1337 | D:2      | Found a runed translucent door.
  1338 | D:2      | Noticed Crazy Yiuf
  1825 | D:3      | Noticed Grinder
  1829 | D:3      | Reached skill level 1 in Throwing
  2126 | D:3      | Reached skill level 4 in Axes
  2153 | D:3      | Found a shadowy altar of Dithmenos.
  2315 | D:3      | Paralysed by Grinder for 4 turns
  2322 | D:3      | Killed Grinder
  2323 | D:3      | Reached skill level 5 in Axes
  2323 | D:3      | Reached XP level 5. HP: 26/47 MP: 4/4
  2323 | D:3      | Reached XP level 6. HP: 29/53 MP: 5/5
  2715 | D:4      | Reached skill level 5 in Fighting
  2715 | D:4      | Reached skill level 5 in Armour
  2715 | D:4      | Reached skill level 5 in Shields
  3072 | D:4      | Reached XP level 7. HP: 54/61 MP: 6/6
  3164 | D:4      | Found a burning altar of Makhleb.
  3164 | D:4      | Noticed an Executioner
  3316 | D:5      | Entered Level 5 of the Dungeon
  3363 | D:5      | Reached skill level 6 in Axes
  3435 | D:5      | Found a staircase to the Ecumenical Temple.
  3447 | Temple   | Entered the Ecumenical Temple
  3500 | Temple   | Became a worshipper of Warmaster Okawaru
  3694 | D:5      | Noticed Menkaure
  3700 | D:5      | Killed Menkaure
  3707 | D:5      | Reached XP level 8. HP: 54/70 MP: 7/7
  3817 | D:5      | Found an opulent altar of Gozag.
  3855 | D:5      | Reached skill level 1 in Invocations
  3910 | D:5      | Found a snail-covered altar of Cheibriados.
  4035 | D:5      | Reached skill level 7 in Axes
  4181 | D:5      | Identified the +2 robe "Xeon" {Str+3 Int+3}
  4552 | D:6      | Reached * piety under Okawaru
  4704 | D:6      | Noticed Duvessa
  4707 | D:6      | Noticed Dowan
  4717 | D:6      | Killed Duvessa
  4722 | D:6      | Killed Dowan
  5132 | D:6      | Noticed Sigmund
  5142 | D:6      | Killed Sigmund
  5143 | D:6      | Reached skill level 8 in Axes
  5183 | D:6      | Noticed Prince Ribbit
  5204 | D:6      | Killed Prince Ribbit
  5205 | D:6      | Reached XP level 9. HP: 15/78 MP: 8/10
  5535 | D:6      | Reached ** piety under Okawaru
  5906 | D:7      | Reached skill level 9 in Axes
  6140 | D:7      | Found a sacrificial altar of Ru.
  6175 | D:7      | Reached skill level 5 in Throwing
  6321 | D:8      | Reached *** piety under Okawaru
  6322 | D:8      | Reached XP level 10. HP: 29/86 MP: 10/12
  7029 | D:8      | Noticed Maurice
  7043 | D:8      | Killed Maurice
  7044 | D:8      | Reached skill level 10 in Axes
  7088 | D:8      | Found Kiheov's Jewellery Boutique.
  7722 | D:9      | Found a flagged portal.
  7731 | Bailey   | Entered a bailey
  7960 | Bailey   | Noticed an orc knight
  7972 | Bailey   | Killed an orc knight
  8079 | D:9      | Acquired 833 gold pieces
  8101 | D:9      | Found a bloodstained altar of Trog.
  8103 | D:9      | Noticed themarg's ghost (journeyman GnTm)
  8107 | D:9      | Found a transporter.
  8116 | D:9      | Noticed a two-headed ogre
  8127 | D:9      | Killed a two-headed ogre
  8128 | D:9      | Reached skill level 11 in Axes
  8128 | D:9      | Reached skill level 5 in Invocations
  8144 | D:9      | Found a radiant altar of Vehumet.
  8177 | D:9      | Noticed a deep troll
  8189 | D:9      | Found a transporter.
  8190 | D:9      | Noticed a moth of wrath
  8310 | D:9      | Noticed a centaur warrior
  8317 | D:9      | Killed a centaur warrior
  8317 | D:9      | Reached **** piety under Okawaru
  8318 | D:9      | Reached XP level 11. HP: 48/95 MP: 11/14
  8684 | D:9      | Found a staircase to the Lair.
  8684 | D:9      | Noticed a death yak
  8684 | D:9      | Noticed a death yak
  8686 | D:9      | Noticed a death yak
  8687 | D:9      | Noticed a death yak
  8688 | D:9      | Noticed a death yak
  8693 | D:9      | Killed a death yak
  8701 | D:9      | Killed a death yak
  8713 | D:9      | Killed a death yak
  8721 | D:9      | Killed a death yak
  8721 | D:9      | Reached ***** piety under Okawaru
  8722 | D:9      | Reached skill level 12 in Axes
  8733 | D:9      | Killed a death yak
  8894 | D:9      | Reached skill level 10 in Fighting
  8894 | D:9      | Reached skill level 13 in Axes
  8894 | D:9      | Reached skill level 10 in Armour
  8894 | D:9      | Reached skill level 10 in Shields
  8894 | D:9      | Reached XP level 12. HP: 108/108 MP: 15/15
  8898 | D:10     | Entered Level 10 of the Dungeon
  8914 | D:10     | Received a gift from Okawaru
  8973 | D:10     | Found a portal to a secret trove of treasure.
  9169 | D:10     | Received a gift from Okawaru
  9524 | D:10     | Found a runed translucent gate.
  9524 | D:10     | Found a runed translucent gate.
  9524 | D:10     | Found a runed translucent gate.
  9524 | D:10     | Noticed wormed's ghost (journeyman GrFi)
  9527 | D:10     | Found a basalt altar of Yredelemnul.
  9563 | D:10     | Killed wormed's ghost
  9563 | D:10     | Received a gift from Okawaru
  9689 | D:10     | Reached skill level 14 in Axes
  9870 | Lair:1   | Entered Level 1 of the Lair of Beasts
  9877 | Lair:1   | Noticed Grum
  9896 | Lair:1   | Reached XP level 13. HP: 57/116 MP: 17/17
  9900 | Lair:1   | Killed Grum
 10088 | Lair:1   | Identified the +15 plate armour of Supple Strength {MP+9
                  | Int+3 Slay-4} (Okawaru gifted it to you on level 1 of the
                  | Lair of Beasts)
 10088 | Lair:1   | Received a gift from Okawaru
 10773 | D:8      | Bought the amulet "Erinieto" {rC+ Regen+ rCorr} for 545
                  | gold pieces
 11238 | Lair:2   | Noticed Fannar
 11287 | Lair:2   | Killed Fannar
 11516 | Lair:2   | Found a staircase to the Snake Pit.
 11845 | Lair:3   | Found a staircase to the Swamp.
 12670 | Lair:4   | Reached skill level 15 in Axes
 13021 | Lair:4   | Found a runed translucent door.
 13024 | Lair:4   | Found a viscous altar of Jiyva.
 13025 | Lair:4   | Found a staircase to the Slime Pits.
 13444 | Lair:5   | Entered Level 5 of the Lair of Beasts
 13474 | Lair:5   | HP: 1/118 [four-headed hydra (7)]
 13514 | Lair:5   | Found a gate leading to a gauntlet.
 13525 | Gauntlet | Entered a Gauntlet
 13525 | Gauntlet | Found a transporter.
 13525 | Gauntlet | Found a transporter.
 13529 | Gauntlet | Found a transporter.
 13529 | Gauntlet | Found a transporter.
 13532 | Gauntlet | Found a transporter.
 13577 | Gauntlet | Found a transporter.
 13580 | Gauntlet | Found a transporter.
 13580 | Gauntlet | Found a transporter.
 13584 | Gauntlet | Noticed a green death
 13597 | Gauntlet | Found a transporter.
 13616 | Gauntlet | Found a transporter.
 13626 | Gauntlet | Found a transporter.
 13641 | Gauntlet | Found a transporter.
 13666 | Gauntlet | Found a transporter.
 13683 | Gauntlet | Found a transporter.
 13857 | Gauntlet | Identified the +3 hat of Spring Thaw {Int+2}
 13881 | Gauntlet | Killed a green death
 13913 | Gauntlet | Identified the amulet of the Four Friends {Regen+ Dex+2
                  | SInv}
 13913 | Gauntlet | Noticed a minotaur
 13931 | Gauntlet | Killed a minotaur
 13947 | Gauntlet | Got Upregiec's Omnibus of the Volcano
 13963 | Gauntlet | Identified the +9 rapier of Lurhou Cecw {vamp, Str+2 Int+4}
 14077 | Lair:4   | Received a gift from Okawaru
 14437 | D:2      | Killed Crazy Yiuf
 14680 | D:9      | Reached XP level 14. HP: 127/127 MP: 19/19
 14684 | D:9      | Killed themarg's ghost
 14708 | D:9      | Acquired the +0 cloak of Atheism {Fly}
 14968 | D:11     | Reached skill level 16 in Axes
 15109 | D:11     | Found a staircase to the Orcish Mines.
 15635 | D:12     | Identified the +10 long sword of Pandemonium {speed, rF+}
 15664 | D:12     | Received a gift from Okawaru
 15690 | D:12     | HP: 6/127 [boulder beetle (6)]
 15694 | D:12     | HP: 1/127 [boulder beetle (4)]
 15699 | D:12     | HP: 6/127 [catoblepas (1)]
 15703 | D:12     | HP: 1/127 [catoblepas (14)]
 15707 | D:12     | Slain by a troll

Illustrated notes

Levels and vault maps discovered:
D:1:      tarquinn_simple_flora_water_a, layout_loops_ring, roderic_lattice_a
D:2:      layout_rooms, uniq_crazy_yiuf_cottage, uniq_robin
D:3:      layout_loops_cross, nicolae_dithmenos_the_darkroom, uniq_grinder
D:4:      layout_basic, makhleb_altar_promises_db, dk_noncrumbling_4,
          nrook_mini_backslash, hangedman_abyss_or_decor_lesser_grid
D:5:      wander_river, layout_basic, mainiacjoe_overflow_24_doors,
          grunt_gozag_statues, minmay_temple_entry_trees, uniq_menkaure
D:6:      layout_loops_ring, serial_bayou_lagoon_b, uniq_duvessa,
          uniq_prince_ribbit1, uniq_sigmund
D:7:      layout_gridville, mainiacjoe_overflow_alcove_1
D:8:      layout_loops_corners, serial_shops, nicolae_shop_advertising_works
          [nicolae_subvault_shop_adworks], uniq_maurice
D:9:      minmay_ornate_pinched, layout_irregular_city,
          mainiacjoe_overflow_tiny_flanked, dpeg_lair_monsters, enter_bailey_3,
          gammafunk_ghost_wrathful_warriors
D:10:     layout_loops_ring, nicolae_yredelemnul_ghost_church, enter_trove_6
D:11:     layout_long_grid, hiddenorc1_lemuel, hangedman_decor_push
D:12:     minmay_cut_squares, layout_loops_ring, serial_shops,
          kennysheep_little_box, uniq_erolcha
Temple:   nicolae_temple_bog_church
Lair:1:   layout_long_grid, pdpol_lair_neglected_garden, uniq_grum
Lair:2:   layout_cave_pods, nicolae_snake_entry_squirm, uniq_fannar
Lair:3:   layout_chaotic_city, swamp_mist
Lair:4:   layout_loops_ring, slime_entry_2, beast_lair_carwin_7
Lair:5:   gammafunk_lair_ancient_temple, layout_long_grid,
          gauntlet_entry_generic

Skill      XL: |  1  2  3  4  5  6  7  8  9 10 11 12 13 14 |
---------------+-------------------------------------------+-----
Axes           | 3 5 6 8 9 11 13 14 15 16 | 16.2
Armour         | 4 5 6 7 8 10 11 12 | 12.1
Shields        | 4 5 6 7 8 10 12 | 12.3
Fighting       | 4 5 6 7 8 10 11 12 | 12.8
Throwing       | 2 3 4 5 6 7 8 9 |  9.1
Invocations    | 2 4 5 6 8 |  8.3

Action                   |  1- 3 |  4- 6 |  7- 9 | 10-12 | 13-15 || total
-------------------------+-------+-------+-------+-------+-------++-------
Melee: War axe           |    75 |    90 |   283 |   403 |   695 ||  1546
       Headbutt          |     5 |    15 |    54 |   103 |   181 ||   358
Throw: Dart              |       |     3 |     5 |       |       ||     8
       Boomerang         |       |       |    28 |    24 |       ||    52
Invok: Heroism           |       |       |     3 |    10 |    11 ||    24
       Finesse           |       |       |       |     1 |     5 ||     6
  Use: Scroll            |       |    12 |     5 |     7 |    19 ||    43
       Potion            |       |       |       |     6 |     5 ||    11
 Stab: Distracted        |       |       |       |     1 |       ||     1
Armor: Scale mail        |     9 |       |       |       |       ||     9
       Plate armour      |    38 |    88 |   188 |   379 |   755 ||  1448
Dodge: Dodged            |    39 |    42 |   103 |   195 |   291 ||   670
Block: Buckler           |    15 |    32 |    74 |   179 |   184 ||   484
       Kite shield       |       |       |       |       |   223 ||   223
       Reflection        |       |       |       |       |    12 ||    12

Table legend: (Time is in decaauts)
 A = Elapsed time spent in this place.
 B = Non-inter-level travel time spent in this place.
 C = Inter-level travel time spent in this place.
 D = Time resting spent in this place.
 E = Time spent auto-exploring this place.
 F = Levels seen in this place.
 G = Mean time per level.
                   A        B        C        D        E       F      G
               +--------+--------+--------+--------+--------+-----+--------+
         Total |  15606 |  14470 |   1136 |    762 |   8612 |  20 |  780.3 |
       Dungeon |  11149 |  10252 |    897 |    762 |   6120 |  12 |  929.1 |
        Temple |     66 |     57 |      9 |      0 |     35 |   1 |   66.0 |
          Lair |   3612 |   3382 |    230 |      0 |   2397 |   5 |  722.4 |
        Bailey |    330 |    330 |      0 |      0 |     47 |   1 |  330.0 |
      Gauntlet |    447 |    447 |      0 |      0 |     12 |   1 |  447.0 |
               +--------+--------+--------+--------+--------+-----+--------+

Top non-repeatable levels by time:
     D:6: 1397 daAuts
     D:9: 1368 daAuts
     D:8: 1298 daAuts
     D:5: 1181 daAuts
     D:2: 1093 daAuts
  Lair:4: 1008 daAuts
  Lair:2: 990 daAuts
     D:1: 951 daAuts
    D:10: 934 daAuts
  Lair:1: 888 daAuts
     D:3: 875 daAuts
    D:11: 775 daAuts
     D:4: 692 daAuts
  Lair:3: 607 daAuts
     D:7: 474 daAuts
